[Event "Titled Tuesday Blitz April 19 Late 2022"]
[White "Krishnakumar, Sriram"]
[Black "Wagner, Dennis"]
[WhiteFideId "30915856"]
[BlackFideId "24650684"]
[WhiteElo "2402"]
[BlackElo "2355"]
[Result "1-0"]
[Round "01"]
[TimeControl "180+1"]
[Date "2022.04.19"]
[WhiteClock "0:00:26"]
[BlackClock "0:00:07"]

1. e4 c5 2. Nf3 d6 3. Bb5+ Bd7 4. Bxd7+ Nxd7 5. O-O Ngf6 6. Qe2 e6 7. c3 Rc8 8. d4 cxd4 9. cxd4 d5 10. e5 Ng8 11. Nc3 Bb4 12. Nb5 a6 13. a3 Bf8 14. Nc3 h6 15. Bd2 Ne7 16. Rfc1 Nc6 17. b4 Be7 18. b5 axb5 19. Nxb5 O-O 20. a4 Nb6 21. Be3 Ra8 22. Qc2 Nc4 23. Nd2 N6a5 24. Nxc4 Nxc4 25. Qb3 Qd7 26. Nc3 Ra7 27. Rab1 Rfa8 28. Qb5 Qd8 29. Bf4 b6 30. g3 Ra5 31. Qb3 Qd7 32. h4 h5 33. Qd1 g6 34. Rb5 Rxb5 35. axb5 Ra3 36. g4 hxg4 37. Qxg4 Bb4 38. Ne4 dxe4 39. Rxc4 Ra1+ 40. Kh2 Kg7 41. Rxb4 Qc8 42. Qg5 Qc3 43. Bd2 Qf3 44. Qg2 Qd1 45. Be3 Qd3 46. Rb2 Ra8 47. Rd2 Qb1 48. Qg1 Qxb5 49. Rd1 Rh8 50. Qg3 Qe2 51. Rc1 b5 52. Rc7 b4 53. Qf4 Qf3 54. Qxf3 exf3 55. Kg3 Rb8 56. Rc2 b3 57. Rb2 Rb4 58. Kxf3 Kf8 59. Ke2 Ke7 60. Kd3 Rb8 61. Kc3 Kd7 62. Rxb3 Rc8+ 63. Kd3 Rh8 64. Rb7+ Kc6 65. Rxf7 Rxh4 66. Rf6 Kd5 67. Rxg6 Rh1 68. Rg8 Rd1+ 69. Ke2 Ra1 70. Rd8+ Ke4 71. f3+ Kf5 72. Rf8+ Kg6 73. Rf6+ Kh5 74. Rxe6 Rh1 75. Rh6# 1-0


[Site "https://www.chess.com"]

[Event "Titled Tuesday Blitz April 19 Late 2022"]
[White "Kujawski, Adam"]
[Black "Yedidia, Daniel"]
[WhiteFideId "1100920"]
[BlackFideId "30905907"]
[WhiteElo "2053"]
[BlackElo "2615"]
[Result "0-1"]
[Round "01"]
[TimeControl "180+1"]
[Date "2022.04.19"]
[WhiteClock "0:00:08"]
[BlackClock "0:00:16"]

1. e4 e5 2. Nf3 Nc6 3. Bb5 a6 4. Ba4 Nf6 5. O-O Be7 6. Re1 b5 7. Bb3 O-O 8. h3 d6 9. c3 Nb8 10. d4 Nbd7 11. Nbd2 Bb7 12. Bc2 c5 13. d5 c4 14. a4 Qc7 15. Nf1 Rfb8 16. Ng3 g6 17. Nh4 Bf8 18. f4 Bc8 19. f5 Bg7 20. a5 Nc5 21. Rf1 b4 22. fxg6 fxg6 23. Bg5 Qe7 24. Qf3 Ncd7 25. Ba4 Qf8 26. Bxd7 Nxd7 27. Qe3 Qe8 28. Ngf5 gxf5 29. Nxf5 Nf8 30. Nxg7 Kxg7 31. Bf6+ Kg8 32. h4 Qg6 33. Rf3 Bg4 34. Rg3 h5 35. Rf1 Nh7 36. Rf5 Nxf6 37. Rg5 Qxg5 38. Qxg5+ Kf7 39. cxb4 Rxb4 40. Re3 Rg8 41. Re1 Rxg5 42. hxg5 Nh7 43. Rf1+ Kg6 0-1


[Site "https://www.chess.com"]

[Event "Titled Tuesday Blitz April 19 Late 2022"]
[White "Leitao, Rafael"]
[Black "Vujic, Mihailo"]
[WhiteFideId "2101246"]
[BlackFideId "918873"]
[WhiteElo "2609"]
[BlackElo "2256"]
[Result "1-0"]
[Round "01"]
[TimeControl "180+1"]
[Date "2022.04.19"]
[WhiteClock "0:00:49"]
[BlackClock "0:00:09"]

1. e4 e5 2. Nf3 Nc6 3. Bb5 f5 4. d3 fxe4 5. dxe4 Nf6 6. Nc3 Bc5 7. Bc4 d6 8. Qd3 Qe7 9. Bg5 Be6 10. Bxe6 Qxe6 11. Nd5 O-O-O 12. O-O h6 13. Bxf6 gxf6 14. Nh4 Rdg8 15. Nf5 Rg5 16. b4 Bxb4 17. Qb3 Kb8 18. Nxb4 Qxb3 19. Nxc6+ bxc6 20. axb3 d5 21. Ra6 dxe4 22. Ne3 f5 23. Nc4 Rhg8 24. g3 f4 25. Rfa1 e3 26. Rxa7 exf2+ 27. Kxf2 fxg3+ 28. hxg3 Kc8 29. Ra8+ Kd7 30. Nxe5+ Ke6 31. Rxg8 Rxg8 32. Nxc6 Kd5 33. Ne7+ 1-0


[Site "https://www.chess.com"]

[Event "Titled Tuesday Blitz April 19 Late 2022"]
[White "Lewicki, Miroslaw"]
[Black "Salem, A.R. Saleh"]
[WhiteFideId "1113380"]
[BlackFideId "9301348"]
[WhiteElo "2283"]
[BlackElo "2657"]
[Result "0-1"]
[Round "01"]
[TimeControl "180+1"]
[Date "2022.04.19"]
[WhiteClock "0:00:15"]
[BlackClock "0:01:05"]

1. g3 d5 2. Bg2 e5 3. d3 Nf6 4. Nf3 Bd6 5. O-O O-O 6. b3 Re8 7. Bb2 Nbd7 8. Nbd2 Nf8 9. e4 c6 10. Re1 Ng6 11. h3 h6 12. Qe2 a5 13. a4 Bd7 14. Rad1 Qc7 15. Nh2 Qc8 16. h4 Nf8 17. f3 Nh5 18. Ndf1 Bc5+ 19. Kh1 Ng6 20. f4 Nhxf4 21. gxf4 Nxf4 22. Qf3 Bb4 23. exd5 Bxe1 24. Rxe1 cxd5 25. Bxe5 Ng6 26. Bg3 Qxc2 27. h5 Rxe1 28. hxg6 Re7 29. Bd6 Rae8 30. Bxe7 Rxe7 31. Ne3 Qxd3 32. Nxd5 Re1+ 33. Nf1 Qxf3 34. Bxf3 Rxf1+ 0-1


[Site "https://www.chess.com"]

[Event "Titled Tuesday Blitz April 19 Late 2022"]
[White "Lima, Kleyton Alcantara"]
[Black "Hasangatin, Ramil"]
[WhiteFideId "22718397"]
[BlackFideId "4122160"]
[WhiteElo "1951"]
[BlackElo "2375"]
[Result "0-1"]
[Round "01"]
[TimeControl "180+1"]
[Date "2022.04.19"]
[WhiteClock "0:00:01"]
[BlackClock "0:01:40"]

1. e4 c5 2. Nf3 e6 3. d4 cxd4 4. Nxd4 Nf6 5. Nc3 Nc6 6. Ndb5 Bc5 7. Nd6+ Ke7 8. Bf4 Qb6 9. Nxc8+ Raxc8 10. Qd2 Bb4 11. O-O-O Rhd8 12. Bd6+ Ke8 13. a3 Nxe4 14. Qf4 Bxc3 15. bxc3 Nxc3 16. Bb4 Nxb4 17. axb4 Qxb4 18. Qxb4 Na2+ 19. Kb2 Nxb4 20. Bd3 f5 21. Rhe1 Kf7 22. f4 Kf6 23. h3 h5 24. g4 Nxd3+ 25. Rxd3 hxg4 26. hxg4 Rc4 27. g5+ Ke7 28. Rf3 Rh8 29. Rf2 Rh4 30. Ref1 b5 31. Kb3 a5 32. Kb2 a4 33. c3 Rh3 34. Rc2 b4 35. cxb4 Rb3+ 0-1


[Site "https://www.chess.com"]

[Event "Titled Tuesday Blitz April 19 Late 2022"]
[White "Lock, Gavin R"]
[Black "Hnydiuk, Aleksander"]
[WhiteFideId "408646"]
[BlackFideId "1109057"]
[WhiteElo "2104"]
[BlackElo "2374"]
[Result "0-1"]
[Round "01"]
[TimeControl "180+1"]
[Date "2022.04.19"]
[WhiteClock "0:00:13"]
[BlackClock "0:00:57"]

1. d4 Nf6 2. Nf3 g6 3. Nc3 Bg7 4. e4 d5 5. e5 Ne4 6. Bd3 Bf5 7. Nh4 Nxc3 8. bxc3 Bxd3 9. cxd3 e6 10. Nf3 O-O 11. O-O c5 12. dxc5 Qa5 13. Qb3 Nd7 14. d4 b6 15. Qb4 Qa6 16. c6 Nb8 17. a4 Nxc6 18. Qb5 Qb7 19. Bd2 Na5 20. Rfb1 Nc4 21. Be1 Rfc8 22. a5 a6 23. Qb3 b5 24. h4 Qc7 25. Qa2 h6 26. Rc1 Bf8 27. Nd2 Nxd2 28. Bxd2 Qc4 29. Qb1 Qe2 30. Ra2 Qg4 31. g3 Qf3 32. Be3 Kg7 33. Qb3 Be7 34. Rac2 g5 35. hxg5 hxg5 36. Rd2 Rh8 0-1


[Site "https://www.chess.com"]

[Event "Titled Tuesday Blitz April 19 Late 2022"]
[White "Lopez Del Alamo, Antonio"]
[Black "Maevsky, Nikolay"]
[WhiteFideId "2227339"]
[BlackFideId "4198220"]
[WhiteElo "2082"]
[BlackElo "2126"]
[Result "0-1"]
[Round "01"]
[TimeControl "180+1"]
[Date "2022.04.19"]
[WhiteClock "0:00:20"]
[BlackClock "0:00:28"]

1. e4 g6 2. d4 Bg7 3. Nc3 d6 4. f4 a6 5. a3 b5 6. Nf3 Bb7 7. Bd3 Nf6 8. e5 Nd5 9. Nxd5 Bxd5 10. O-O Nd7 11. Qe2 O-O 12. b3 c5 13. c4 bxc4 14. bxc4 Bxf3 15. Rxf3 cxd4 16. e6 Nc5 17. exf7+ Rxf7 18. Bd2 Rb8 19. Bb4 Nxd3 20. Qxd3 e5 21. Re1 a5 22. Bd2 Rbb7 23. c5 dxc5 24. fxe5 Qd5 25. Rxf7 Rxf7 26. e6 Re7 27. Qa6 Be5 28. Bh6 Qxe6 29. Qxe6+ Rxe6 30. Bf4 Bxf4 31. Rxe6 d3 32. Kf1 c4 33. Rc6 Bxh2 34. Rxc4 Bd6 35. a4 d2 36. Ke2 Bb4 37. Rc7 h5 38. Rd7 Kf8 39. Kf3 g5 40. Ke4 Ke8 41. Rd3 Ke7 42. Kf5 g4 43. Kg5 g3 44. Kxh5 Ke6 45. Kg4 Ke5 46. Kf3 Kf5 47. Kxg3 Ke4 48. Rd8 Ke3 49. Re8+ Kd3 50. Rd8+ Kc2 51. Kf3 d1=Q+ 52. Rxd1 Kxd1 53. Ke4 Kc2 54. g4 Kb3 55. g5 Kxa4 56. Kd3 Kb3 0-1


[Site "https://www.chess.com"]

[Event "Titled Tuesday Blitz April 19 Late 2022"]
[White "Maranhao,Jose Renato Ruiz"]
[Black "Romanchuk, Viktor"]
[WhiteFideId "2135175"]
[BlackFideId "14109271"]
[WhiteElo "1970"]
[BlackElo "2242"]
[Result "0-1"]
[Round "01"]
[TimeControl "180+1"]
[Date "2022.04.19"]
[WhiteClock "0:00:03"]
[BlackClock "0:00:43"]

1. e4 e6 2. d4 d5 3. Nc3 dxe4 4. Nxe4 Nd7 5. Nf3 Ngf6 6. Nxf6+ Nxf6 7. Bd3 c5 8. O-O cxd4 9. Nxd4 Bc5 10. Nb3 Bd6 11. Bg5 Qc7 12. Bxf6 gxf6 13. g3 Bd7 14. Qh5 Be5 15. c3 O-O-O 16. Qxf7 h5 17. Be4 h4 18. f4 Rdf8 19. Qg7 Rfg8 20. Qf7 Bxf4 21. Bxb7+ Qxb7 22. Rxf4 hxg3 23. Nc5 gxh2+ 24. Kf1 h1=Q+ 25. Ke2 Bb5+ 26. Kd2 0-1


[Site "https://www.chess.com"]

[Event "Titled Tuesday Blitz April 19 Late 2022"]
[White "Marin Masis, Jose Esteban"]
[Black "Schekachikhin, Maksim"]
[WhiteFideId "6508146"]
[BlackFideId "24177830"]
[WhiteElo "1710"]
[BlackElo "2230"]
[Result "0-1"]
[Round "01"]
[TimeControl "180+1"]
[Date "2022.04.19"]
[WhiteClock "0:00:41"]
[BlackClock "0:02:11"]

1. e4 c5 2. Nf3 e6 3. d4 cxd4 4. Nxd4 Nc6 5. Nc3 Qc7 6. Be3 a6 7. Qd2 Nf6 8. O-O-O Be7 9. f3 b5 10. g4 Nxd4 11. Bxd4 Bb7 12. Bxb5 axb5 13. Nxb5 Qc6 14. Bxf6 gxf6 15. Nd6+ Qxd6 16. Qxd6 Bxd6 17. Rxd6 Rxa2 18. Kb1 Ra6 19. Rd4 Ke7 20. Rhd1 Bc6 21. h4 h5 22. g5 fxg5 23. hxg5 h4 24. f4 h3 25. f5 h2 26. f6+ Ke8 27. Rh1 Ra5 28. Rb4 Rb5 29. Ra4 Rxb2+ 30. Kxb2 Bxa4 31. Kc3 Bc6 32. Rb1 Rh3+ 33. Kd4 d6 34. Rh1 e5+ 0-1


[Site "https://www.chess.com"]

[Event "Titled Tuesday Blitz April 19 Late 2022"]
[White "Martinez Alcantara, Jose Eduardo"]
[Black "Gnechko, Ruslan"]
[WhiteFideId "3805662"]
[BlackFideId "14135868"]
[WhiteElo "2690"]
[BlackElo "2289"]
[Result "1-0"]
[Round "01"]
[TimeControl "180+1"]
[Date "2022.04.19"]
[WhiteClock "0:01:04"]
[BlackClock "0:01:02"]

1. e4 c6 2. d4 d5 3. e5 Bf5 4. h4 h5 5. Bd3 Bxd3 6. Qxd3 e6 7. Nf3 c5 8. Nc3 cxd4 9. Nxd4 a6 10. Bg5 Be7 11. f4 Nc6 12. O-O-O Nh6 13. Nxe6 fxe6 14. Qg6+ Nf7 15. Qxe6 d4 16. Nd5 Nxg5 17. hxg5 Rc8 18. g4 h4 19. Qg6+ Kf8 20. e6 Qe8 21. Qf5+ Kg8 22. Kb1 h3 23. a3 h2 24. Rd2 Qf8 25. Qe4 Bxa3 26. Rdxh2 Rxh2 27. Rxh2 g6 28. Nf6+ 1-0


[Site "https://www.chess.com"]

[Event "Titled Tuesday Blitz April 19 Late 2022"]
[White "Melaugh, Shane"]
[Black "Tristan, Leonardo"]
[WhiteFideId "2509580"]
[BlackFideId "113816"]
[WhiteElo "1972"]
[BlackElo "2404"]
[Result "0-1"]
[Round "01"]
[TimeControl "180+1"]
[Date "2022.04.19"]
[WhiteClock "0:02:28"]
[BlackClock "0:02:33"]

1. c4 e6 2. Nc3 d5 3. cxd5 exd5 4. d4 a6 5. Nf3 Nf6 6. Bf4 c5 7. e3 c4 8. a4 Nc6 9. b3 Bb4 10. Rc1 Qa5 11. Qd2 Ne4 12. Nxe4 dxe4 13. Bxc4 exf3 0-1


[Site "https://www.chess.com"]

[Event "Titled Tuesday Blitz April 19 Late 2022"]
[White "Melikhov, Evgeny V."]
[Black "Siddharth, Jagadeesh"]
[WhiteFideId "4122046"]
[BlackFideId "5818320"]
[WhiteElo "1931"]
[BlackElo "2127"]
[Result "0-1"]
[Round "01"]
[TimeControl "180+1"]
[Date "2022.04.19"]
[WhiteClock "0:00:04"]
[BlackClock "0:01:18"]

1. d4 d5 2. c4 e6 3. Nc3 a6 4. cxd5 exd5 5. Nf3 h6 6. Bf4 Nf6 7. e3 Bd6 8. Bxd6 Qxd6 9. Bd3 Bg4 10. h3 Bxf3 11. Qxf3 Nbd7 12. O-O O-O 13. Rab1 c6 14. b4 b5 15. a4 Nb6 16. a5 Nc4 17. Rfd1 Rfe8 18. Bxc4 bxc4 19. Na4 Ne4 20. Qe2 Rab8 21. Qe1 Rb5 22. Nc5 Nxc5 23. bxc5 Qg6 24. Rxb5 cxb5 25. Rb1 Qe4 26. Rb2 f5 27. Qd2 Re6 28. Qc2 Rg6 29. Qxe4 fxe4 30. Kf1 Kf7 31. f4 exf3 32. gxf3 Rg3 33. Rf2 Rxh3 34. Ke2 Ke6 35. e4 g5 36. e5 Kf5 37. Kd2 Rh1 38. Re2 Ke6 39. Rf2 Ra1 40. Kc3 Ra3+ 41. Kb2 Rb3+ 42. Kc2 Ra3 43. f4 Ra2+ 44. Kc3 Rxf2 45. f5+ Rxf5 0-1


[Site "https://www.chess.com"]

[Event "Titled Tuesday Blitz April 19 Late 2022"]
[White "Migot, Tangi"]
[Black "Vachier-Lagrave, Maxime"]
[WhiteFideId "662445"]
[BlackFideId "623539"]
[WhiteElo "2529"]
[BlackElo "2813"]
[Result "0-1"]
[Round "01"]
[TimeControl "180+1"]
[Date "2022.04.19"]
[WhiteClock "0:00:04"]
[BlackClock "0:01:35"]

1. Nf3 c5 2. g3 Nc6 3. Bg2 g6 4. O-O Bg7 5. c3 Nf6 6. d3 O-O 7. e4 d5 8. e5 Nd7 9. d4 cxd4 10. cxd4 Nb6 11. Nc3 Bg4 12. b3 f6 13. exf6 Bxf6 14. Be3 e5 15. dxe5 Bxe5 16. Bxb6 axb6 17. Qd3 Nb4 18. Qe3 Bg7 19. Nd4 Re8 20. Qd2 Qd7 21. a3 Nc6 22. Nxc6 bxc6 23. b4 Rad8 24. b5 c5 25. a4 Kh8 26. Rae1 Rxe1 27. Rxe1 d4 28. Nd5 Qd6 29. a5 bxa5 30. b6 c4 31. b7 c3 32. Nxc3 h5 33. Ne4 Qb4 34. Qc2 Qxb7 35. Nf6 d3 36. Qc4 Qb4 37. Qxb4 axb4 38. Nxg4 hxg4 39. Rb1 d2 0-1


[Site "https://www.chess.com"]

[Event "Titled Tuesday Blitz April 19 Late 2022"]
[White "Mikhailov, Viacheslav"]
[Black "Miszler, Levente"]
[WhiteFideId "4187369"]
[BlackFideId "763276"]
[WhiteElo "2381"]
[BlackElo "1966"]
[Result "1-0"]
[Round "01"]
[TimeControl "180+1"]
[Date "2022.04.19"]
[WhiteClock "0:00:37"]
[BlackClock "0:00:05"]

1. c4 e5 2. g3 Nc6 3. Bg2 g6 4. Nc3 Bg7 5. Nf3 d6 6. O-O Nf6 7. d3 O-O 8. Rb1 a5 9. a3 h6 10. b4 axb4 11. axb4 Be6 12. b5 Ne7 13. Nd2 Rb8 14. Bb2 Qd7 15. Qc2 Bh3 16. e4 Bxg2 17. Kxg2 Nh5 18. Nd5 f5 19. b6 c6 20. Nxe7+ Qxe7 21. f3 Qg5 22. Kh1 fxe4 23. Nxe4 Qe3 24. Rbe1 Qxb6 25. Nxd6 Rbd8 26. c5 Qb4 27. Bxe5 Rxf3 28. Bxg7 Nxg7 29. Rxf3 Qxe1+ 30. Kg2 Ne6 31. d4 Kh7 32. Rf6 Rg8 33. Ne4 Nxd4 34. Rf7+ Kh8 35. Nf6 1-0


[Site "https://www.chess.com"]

[Event "Titled Tuesday Blitz April 19 Late 2022"]
[White "Mitra, Roman C"]
[Black "Barrientos, Sergio E"]
[WhiteFideId "419540"]
[BlackFideId "4401824"]
[WhiteElo "2174"]
[BlackElo "2397"]
[Result "0-1"]
[Round "01"]
[TimeControl "180+1"]
[Date "2022.04.19"]
[WhiteClock "0:00:07"]
[BlackClock "0:01:26"]

1. c4 Nf6 2. g3 e6 3. Bg2 d5 4. cxd5 exd5 5. Qc2 Bd6 6. Nf3 O-O 7. O-O c6 8. b3 Re8 9. Re1 Na6 10. a3 Bg4 11. h3 Bh5 12. Bb2 Bg6 13. d3 Nc5 14. b4 Ne6 15. Nbd2 a5 16. bxa5 Rxa5 17. Nh4 Qe7 18. Nxg6 hxg6 19. a4 Rea8 20. e4 dxe4 21. dxe4 Bb4 22. Red1 Qc5 23. Qb3 Bxd2 24. Rxd2 Qg5 25. Bc3 Nc5 26. Qc4 Rxa4 27. Rxa4 Nxa4 28. Bb4 Nb6 29. Qb3 Nbd7 30. f4 Qb5 31. Qc3 Ra4 32. Be7 Qb1+ 33. Kh2 Nxe4 34. Bxe4 Qxe4 35. Bd6 Nf6 36. Be5 Nd5 37. Qb2 f6 38. Bd4 b5 39. Bc5 Rc4 40. Ba7 Rc3 41. Bd4 Rd3 42. Rxd3 Qxd3 43. Bc5 Qc3 44. Qf2 b4 45. Bd4 Qd3 46. Bb2 b3 47. Qe1 Qc2+ 48. Kh1 Qxb2 49. Qe8+ Kh7 50. f5 Qb1+ 0-1


[Site "https://www.chess.com"]

[Event "Titled Tuesday Blitz April 19 Late 2022"]
[White "Molenda, Marcin"]
[Black "Winkels, Marcel"]
[WhiteFideId "1173065"]
[BlackFideId "1003887"]
[WhiteElo "2067"]
[BlackElo "1900"]
[Result "0-1"]
[Round "01"]
[TimeControl "180+1"]
[Date "2022.04.19"]
[WhiteClock "0:00:14"]
[BlackClock "0:00:14"]

1. d4 Nf6 2. c4 c5 3. d5 b5 4. cxb5 a6 5. e3 g6 6. Nc3 Bg7 7. Nf3 O-O 8. a4 d6 9. h3 axb5 10. Bxb5 Bb7 11. e4 Nbd7 12. O-O Ne8 13. Bf4 Nc7 14. Bd3 Na6 15. Re1 Nb4 16. Bb1 Qc7 17. Ra3 c4 18. Nd4 Nc5 19. Ncb5 Qd8 20. Bg5 Nbd3 21. Re2 Rc8 22. Ba2 h6 23. Bxc4 Nxf2 24. Rxf2 hxg5 25. Qe2 Qb6 26. Nc6 Bxc6 27. dxc6 Rxc6 28. Raf3 e6 29. b3 Nd7 30. Qd2 Ne5 31. Qxg5 Nxc4 32. bxc4 Rxc4 33. Rf4 Rxa4 34. h4 Ra5 35. h5 Rxb5 36. Rf5 exf5 37. hxg6 fxg6 38. Qxg6 d5 0-1


[Site "https://www.chess.com"]

[Event "Titled Tuesday Blitz April 19 Late 2022"]
[White "Mortazavi, Ali"]
[Black "Jacobson, Brandon"]
[WhiteFideId "401323"]
[BlackFideId "30901561"]
[WhiteElo "2339"]
[BlackElo "2362"]
[Result "0-1"]
[Round "01"]
[TimeControl "180+1"]
[Date "2022.04.19"]
[WhiteClock "0:00:17"]
[BlackClock "0:01:27"]

1. Nf3 g6 2. e4 Bg7 3. d4 d6 4. Nc3 Nf6 5. Be3 O-O 6. Qd2 Bg4 7. Ng5 Nc6 8. h3 Bd7 9. O-O-O e5 10. dxe5 Nxe5 11. f4 Nc6 12. Bc4 b5 13. Bxb5 Rb8 14. Bd3 Re8 15. Nf3 Nxe4 16. Bxe4 Rxe4 17. Rhe1 Rxb2 18. Kxb2 Qb8+ 19. Kc1 Qb4 20. Bc5 Qxc5 21. Rxe4 Bxc3 22. Kb1 Qb6+ 0-1


[Site "https://www.chess.com"]

[Event "Titled Tuesday Blitz April 19 Late 2022"]
[White "Moussard, Jules"]
[Black "Koutlas, Nikolaos"]
[WhiteFideId "642908"]
[BlackFideId "25827138"]
[WhiteElo "2589"]
[BlackElo "1645"]
[Result "1-0"]
[Round "01"]
[TimeControl "180+1"]
[Date "2022.04.19"]
[WhiteClock "0:02:59"]
[BlackClock "0:00:03"]

1. Nf3 Nf6 2. d4 g6 3. Bf4 Bg7 4. e3 c5 5. c3 cxd4 6. exd4 d6 7. Bd3 Nc6 8. O-O O-O 9. Re1 Re8 10. h3 Nh5 11. Bg5 h6 12. Bh4 Nf4 13. Bc2 Qb6 14. Bb3 Bf5 15. Re3 d5 16. Bg3 g5 17. Na3 Rad8 18. Bxf4 gxf4 19. Re1 Kh8 20. Qd2 Qc7 21. Bc2 Bg6 22. Nh4 Bxc2 23. Nxc2 e6 24. Nf3 Rg8 25. Kh1 Bf6 26. Nb4 Nxb4 27. cxb4 Rg6 28. Rac1 Qd6 29. Ne5 Bxe5 30. dxe5 Qe7 31. Qxf4 Rdg8 32. g3 Qg5 33. Qxf7 Qh5 34. Kh2 R8g7 35. Rc8+ Kh7 36. Qe8 Qf5 37. Qh8# 1-0


[Site "https://www.chess.com"]

[Event "Titled Tuesday Blitz April 19 Late 2022"]
[White "Najer, Evgeniy"]
[Black "Trent, Lawrence"]
[WhiteFideId "4118987"]
[BlackFideId "408638"]
[WhiteElo "2562"]
[BlackElo "2474"]
[Result "1-0"]
[Round "01"]
[TimeControl "180+1"]
[Date "2022.04.19"]
[WhiteClock "0:00:37"]
[BlackClock "0:01:00"]

1. e4 e5 2. Nf3 Nc6 3. Bc4 h6 4. d4 exd4 5. Nxd4 Nf6 6. Nxc6 bxc6 7. e5 Nd5 8. O-O Be7 9. Qg4 Kf8 10. Qf3 Rb8 11. Nc3 Rb4 12. Bb3 Bb7 13. Nxd5 cxd5 14. Bxd5 Bxd5 15. Qxd5 c6 16. Qd3 Qc8 17. Rd1 Rb7 18. Be3 Ke8 19. b3 a5 20. Rd2 Qb8 21. Qe4 Rb5 22. f4 Bb4 23. Rd3 Ke7 24. Rad1 Rd8 25. Qf5 Rb7 26. Qg4 g6 27. Qh4+ Kf8 28. f5 Qxe5 29. Qxd8+ 1-0


[Site "https://www.chess.com"]

[Event "Titled Tuesday Blitz April 19 Late 2022"]
[White "Naroditsky, Daniel"]
[Black "Sztokbant, Bernardo Vainzoff"]
[WhiteFideId "2026961"]
[BlackFideId "2115956"]
[WhiteElo "2608"]
[BlackElo "2225"]
[Result "1/2-1/2"]
[Round "01"]
[TimeControl "180+1"]
[Date "2022.04.19"]
[WhiteClock "0:01:10"]
[BlackClock "0:01:18"]

1. c4 e6 2. d4 d5 3. Nc3 Be7 4. cxd5 exd5 5. Bf4 c6 6. e3 Bf5 7. g4 Be6 8. h4 Nd7 9. g5 Nb6 10. Bd3 Bd6 11. Bxd6 Qxd6 12. Nf3 Ne7 13. Ne5 O-O-O 14. a4 f6 15. gxf6 gxf6 16. Nf3 a5 17. Qb3 Nc4 18. Bxc4 dxc4 19. Qb6 Qb4 20. Qxb4 axb4 21. Na2 Nd5 22. Nd2 b5 23. e4 Rhe8 24. O-O-O Nf4 25. Nxb4 Ne2+ 26. Kb1 Nxd4 27. axb5 cxb5 28. f3 Rg8 1/2-1/2


[Site "https://www.chess.com"]

[Event "Titled Tuesday Blitz April 19 Late 2022"]
[White "Nasuta, Grzegorz"]
[Black "Ladan, Nicholas"]
[WhiteFideId "1141686"]
[BlackFideId "30918855"]
[WhiteElo "2396"]
[BlackElo "2167"]
[Result "1-0"]
[Round "01"]
[TimeControl "180+1"]
[Date "2022.04.19"]
[WhiteClock "0:01:06"]
[BlackClock "0:01:14"]

1. d4 d5 2. c4 c6 3. cxd5 cxd5 4. Bf4 Nf6 5. e3 Nc6 6. Nc3 Ne4 7. Bd3 Nxc3 8. bxc3 e6 9. Nf3 Bd6 10. Bxd6 Qxd6 11. O-O O-O 12. Re1 e5 13. Bb5 e4 14. Nd2 Qg6 15. Bf1 f5 16. c4 dxc4 17. Nxc4 f4 18. d5 Bg4 19. Qb3 Nd8 20. exf4 Rxf4 21. Ne5 Qf5 22. Nxg4 Rxg4 23. Rad1 a5 24. d6+ Qf7 25. Bc4 1-0


[Site "https://www.chess.com"]

[Event "Titled Tuesday Blitz April 19 Late 2022"]
[White "Nazaretyan, Tigran"]
[Black "Rego, Vinicius V. de Almeida"]
[WhiteFideId "24162345"]
[BlackFideId "2106485"]
[WhiteElo "2225"]
[BlackElo "2345"]
[Result "1-0"]
[Round "01"]
[TimeControl "180+1"]
[Date "2022.04.19"]
[WhiteClock "0:00:05"]
[BlackClock "0:00:13"]

1. d4 Nf6 2. c4 e6 3. Nf3 d5 4. Nc3 a6 5. e3 dxc4 6. a4 c5 7. Bxc4 Nc6 8. O-O cxd4 9. exd4 Be7 10. Be3 O-O 11. Qe2 Nb4 12. Ne5 Nbd5 13. Bd3 Nxe3 14. fxe3 Nd5 15. Qf3 Nf6 16. Qh3 g6 17. Rf4 b6 18. Nc6 Qc7 19. Nxe7+ Qxe7 20. Raf1 Ne8 21. Rh4 h5 22. Qg3 Ng7 23. Ne4 Nf5 24. Qe5 f6 25. Qf4 g5 26. Nxf6+ Qxf6 27. Qe4 gxh4 28. Qxa8 Qg5 29. Rf3 Bd7 30. Qb7 Be8 31. Qxb6 Bg6 32. Qxe6+ Kh7 33. e4 Ng7 34. Qh3 Qc1+ 35. Rf1 Rxf1+ 36. Bxf1 Qxb2 37. Qe3 Qb7 38. d5 a5 39. h3 Qc7 40. e5 Nf5 41. Qf4 Qc5+ 42. Kh2 Qxd5 43. Bc4 Qd7 44. e6 Qd6 45. Qxd6 Nxd6 46. Bb5 Nxb5 47. axb5 Be8 48. b6 Kg7 49. b7 Kf6 50. b8=Q 1-0


[Site "https://www.chess.com"]

[Event "Titled Tuesday Blitz April 19 Late 2022"]
[White "Novikova, Galina"]
[Black "Bashirli, Nail"]
[WhiteFideId "4157095"]
[BlackFideId "13406809"]
[WhiteElo "1863"]
[BlackElo "2333"]
[Result "1-0"]
[Round "01"]
[TimeControl "180+1"]
[Date "2022.04.19"]
[WhiteClock "0:00:05"]
[BlackClock "0:00:17"]

1. e4 c5 2. Nf3 d6 3. d4 cxd4 4. Nxd4 Nf6 5. Nc3 Nc6 6. h3 e6 7. g4 a6 8. Bg2 Be7 9. O-O Nd7 10. Kh1 O-O 11. f4 Nxd4 12. Qxd4 b5 13. e5 dxe5 14. fxe5 Rb8 15. Bf4 Nc5 16. Rad1 Qxd4 17. Rxd4 Bb7 18. Bxb7 Rxb7 19. Rfd1 Rc8 20. a3 h6 21. Kg2 a5 22. R1d2 b4 23. axb4 axb4 24. Ne4 Nxe4 25. Rxe4 Rbc7 26. Ree2 Rc4 27. Kf3 Bg5 28. Bxg5 hxg5 29. Kg3 Kh7 30. Rf2 R8c7 31. Rfe2 Kg6 32. Rf2 Re4 33. Rfe2 Rcc4 34. Kf3 Rf4+ 35. Kg3 Rc5 36. Rd7 Rcc4 37. Rdd2 Rc6 38. Rd7 Rb6 39. Rdd2 f6 40. exf6 gxf6 41. h4 f5 42. gxf5+ exf5 43. hxg5 Kxg5 44. Re8 Rg4+ 45. Kf3 Rf4+ 46. Kg3 Re4 47. Rg8+ Kf6 48. Rf8+ Kg6 49. Rg8+ Kf7 50. Rc8 Rb7 51. Kf3 Rbe7 52. Rb8 Kf6 53. Rb6+ Kg5 54. Rg2+ Rg4 55. Rxg4+ fxg4+ 56. Kf2 Rf7+ 57. Kg2 Rf4 58. Rb5+ Kh4 59. Rb8 Rc4 60. Rh8+ Kg5 61. Rg8+ Kf5 62. Rf8+ Kg5 63. Rg8+ Kf4 64. Rf8+ Ke3 65. c3 b3 66. Rb8 Kd3 67. Rxb3 Re4 68. Kg3 Ra4 69. Rb8 Kc2 70. Rb4 Ra2 71. Kxg4 Kd3 72. Kf5 Ra6 73. Ke5 Ra8 74. Kd5 Kc2 75. Kc5 Rh8 76. Rb6 Rh5+ 77. Kc6 Kd3 78. Kb7 Kc4 79. Rb4+ Kc5 80. Ka6 Rh6+ 81. Ka5 Rh8 82. Rb5+ Kc4 83. Rb4+ Kc5 84. Ka4 Ra8+ 85. Kb3 Kd5 86. Kc2 Kc5 87. Rh4 Rf8 88. Rh5+ Kb6 89. b4 Rf1 90. Kb3 Rf4 91. Rh6+ Kb5 92. Rh5+ Kb6 93. c4 Kb7 94. b5 Rf1 95. Kb4 Rf7 96. Kc5 Kc8 97. Rh6 Kb7 98. Kb4 Ka7 99. Rh5 Rf1 100. c5 Rb1+ 101. Kc4 Rc1+ 102. Kd5 Rf1 103. Kc6 Rf6+ 104. Kd5 Rf1 105. b6+ Ka6 106. Rh7 Rf5+ 107. Kc6 Rf6+ 108. Kd5 Rf5+ 109. Kd6 Rf6+ 110. Ke5 Rf1 111. Ra7+ Kb5 112. b7 Rf8 113. Ra8 Rf1 114. b8=Q+ Kc4 115. Qg8+ Kc3 116. Rd8 Re1+ 117. Kd6 Ra1 118. Qg7+ Kb3 119. c6 Kc2 120. Qxa1 Kb3 121. Qb1+ Kc3 122. Rc8 Kd2 123. c7 Ke3 124. Qb3+ 1-0


[Site "https://www.chess.com"]